 Dungeon Crawl Stone Soup version 0.31-a0-1522-g43313d8a59 (webtiles) character file.

Game seed: 2571789410179187322

1255 Dragula the Changeling (level 8, 0/54 HPs)
             Began as an Octopode Shapeshifter on Dec 30, 2023.
             Was a Follower of Okawaru.
             Slain by an orc
             ... wielding a +0 hand axe
              (5 damage)
             ... on level 5 of the Dungeon.
             The game lasted 00:10:19 (5438 turns).

Dragula the Changeling (Octopode Shapeshifter)      Turns: 5438, Time: 00:10:20

Health: 0/54       AC:  1    Str: 15    XL:     8   Next: 51%
Magic:  7/8        EV: 13    Int: 12    God:    Okawaru [*.....]
Gold:   161        SH:  0    Dex: 18    Spells: 7/7 levels left

rFire   . .          .
                       - Unarmed
rCold   . . .        (no shield)
rNeg    . . .        (helmet currently unavailable)
rPois   .            (no amulet)
rElec   .            i - +6 ring of dexterity
rCorr   .            (no ring)
SInv    .            (no ring)
Will    .....        (no ring)
Stlth   ++++         (no ring)
HPRegen 0.29/turn    (no ring)
MPRegen 0.11/turn    (no ring)
                     (no ring)

%: no passive effects
@: beast-form
A: beast (slay +4), almost no armour, amphibious, 8 rings, camouflage 1,
gelatinous body 1, (nimble swimmer 1), tentacles
a: Begin Untransformation, Renounce Religion, Heroism


You were on level 5 of the Dungeon.
You worshipped Okawaru.
Okawaru was aware of your devotion.
You were a hulking beast.
You visited 1 branch of the dungeon, and saw 6 of its levels.

You collected 258 gold pieces.
You spent 97 gold pieces at shops.

Inventory:

Hand Weapons
 j - a +0 falchion of holy wrath
Missiles
 h - 3 javelins (quivered)
 k - 10 stones
Jewellery
 i - a +6 ring of dexterity (left tentacle)
Talismans
 b - a beast talisman (active)
 c - a flux talisman
Scrolls
 d - 2 scrolls of teleportation
 e - a scroll of enchant armour
 f - a scroll of brand weapon
 l - 2 scrolls of blinking
 p - a scroll of noise {unknown}
 q - a scroll of torment {unknown}
 r - a scroll of amnesia {unknown}
Potions
 a - a potion of lignification
 g - a potion of brilliance
 m - a potion of attraction
 n - a potion of ambrosia {unknown}
 o - a potion of enlightenment
 s - a potion of heal wounds {unknown}
 t - 3 potions of mutation {unknown}


   Skills:
 + Level 4.6 Fighting
 - Level 2.0 Dodging
 - Level 4.4 Stealth
 + Level 4.4 Unarmed Combat
 - Level 7.5 Shapeshifting


You had 7 spell levels left.
You didn't know any spells.
Your spell library contained the following spells:

 Spells                   Type           Power      Damage    Failure   Level
 Shock                    Conj/Air       0%         1d3       32%         1
 Inner Flame              Hex/Fire       0%         N/A       69%         3
 Swiftness                Air            0%         N/A       69%         3
 Airstrike                Air            0%         2d(0-16)  97%         4
 Flame Wave               Conj/Fire      0%         2d4       97%         4
 Sticky Flame             Fire/Alch      0%         2d4       97%         4


Dungeon Overview and Level Annotations

Branches:
Dungeon (6/15)             Temple (0/1) D:5

Altars:
Gozag
Nemelex Xobeh
Okawaru
Uskayaw

Shops:
D:3 [:?*:

Annotations:
D:2 1 runed translucent door, Crazy Yiuf
D:4 Sigmund


Innate Abilities, Weirdness & Mutations

You are a hulking beast.
Your limbs bulge with bestial killing power. (Slay +4)
You cannot wear most types of armour.
You are amphibious.
You can wear up to eight rings at the same time.
Your skin changes colour to match your surroundings (Stealth+).
Your rubbery body absorbs attacks. (AC +1, EV +1)
((You are camouflaged when in or above water. (Stealth+)))
You have tentacles for arms and can constrict up to eight enemies at once.


Message History

The orc throws a stone.
The stone hits you. The white imp completely misses you.
You bludgeon the white imp!
You kill the white imp!
Okawaru accepts your kill. The orc hits you with a +0 club.
The orc closely misses you.
The orc wizard hits you with a +0 dagger.
The orc hits you with a +0 club.
You bludgeon the orc wizard! You grab the orc wizard.
The orc wizard is severely wounded.
You constrict the orc wizard. The orc hits you with a +0 dagger.
The orc wizard closely misses you. The orc closely misses you.
You tentacle-slap the orc wizard.
You kill the orc wizard!
Okawaru accepts your kill. The orc completely misses you.
The orc closely misses you. The orc hits you with a +0 falchion.
The orc barely misses you.
You barely miss the orc. You grab the orc. You constrict the orc.
You tentacle-slap the orc.
You kill the orc!
Okawaru accepts your kill. The orc hits you with a +0 dagger.
The orc misses you. x2
The orc misses you. The orc hits you with a +0 falchion.
Things that are here:
a +0 dagger; a +0 robe; a wand of digging (5)
You closely miss the orc. You grab the orc.
You feel like a meek peon again.
You constrict the orc. The orc closely misses you.
The orc hits you with a +0 falchion!
* * * LOW HITPOINT WARNING * * *
The orc hits you with a +0 hand axe!
* * * LOW HITPOINT WARNING * * *
You bludgeon the orc!
You kill the orc!
Okawaru accepts your kill. The orc hits you with a +0 dagger.
* * * LOW HITPOINT WARNING * * *
The orc hits you with a +0 hand axe.
You die...

..>.......# ###....)..)..# #
......#...# #...#.########
..).####.## ##.###.# ########
....# #.# ##......# #.......
....# #.#P##......## #######.
###### #.#~.#..)....#
##..~~.###.
##.#.#~P#.......###~~~~~~.##.
#~.#.#~.#...o)..##..~~b~.~b#.
#..#.#~##..oh)...#~~~###~~~#.
#~.#.#~.#........#~~~#.#~.~#.
##b#.#~.#......###..~#.#.~~#.
#.~#.#~~#.......##~.l#.#.~.##
#.~#.#.##.......###l.#.#.l###
#~.#.# ##.......##.~b#.#.ll##
##.#.# #........###l#.#####.
# #.# #..........#b#.......
#.####...†..#####~#.######


You could see 2 orcs.

Vanquished Creatures
  Grinder (D:4)
  A steam dragon (D:6)
  A water moccasin (D:5)
  2 phantoms (D:5)
  A scorpion (D:5)
  3 bombardier beetles
  A jelly (D:6)
  2 hounds
  3 orc priests (D:5)
  A sleepcap (D:5)
  An iguana (D:5)
  2 orc wizards
  10 adders
  A white imp (D:5)
  2 ufetubi (D:4)
  3 dart slugs
  3 ribbon worms (D:2)
  13 orcs
  7 ball pythons
  7 endoplasms
  3 giant cockroaches
  3 goblins
  6 hobgoblins
  3 jackals (D:2)
  2 quokkas
  6 bats
  2 frilled lizards
  6 kobolds
  8 rats
104 creatures vanquished.

Notes
Turn   | Place    | Note
-------+----------+-------------------------------------------
     0 | D:1      | Dragula the Octopode Shapeshifter began the quest for the
                  | Orb.
     0 | D:1      | Reached XP level 1. HP: 13/13 MP: 1/1
   281 | D:1      | Reached XP level 2. HP: 16/18 MP: 2/2
   998 | D:2      | Reached XP level 3. HP: 23/23 MP: 3/3
  1012 | D:2      | Reached skill level 4 in Shapeshifting
  1368 | D:2      | Found a faded altar of an unknown god.
  1397 | D:2      | Prayed at the altar of an unknown god.
  1397 | D:2      | Became a worshipper of Warmaster Okawaru
  1397 | D:2      | Reached * piety under Okawaru
  1426 | D:2      | Reached XP level 4. HP: 28/28 MP: 1/4
  1620 | D:2      | Found a runed translucent door.
  1621 | D:2      | Noticed Crazy Yiuf
  2118 | D:3      | Found Zoriazotih's General Store.
  2121 | D:3      | Found Harezet's Book Shoppe.
  2200 | D:3      | Found Unnimpe's Antique Armour Shoppe.
  2235 | D:3      | Reached skill level 5 in Shapeshifting
  2235 | D:3      | Reached XP level 5. HP: 15/33 MP: 5/5
  2555 | D:3      | Found Eruleul's Book Shoppe.
  2817 | D:3      | Found Johet's Magic Scroll Shoppe.
  2820 | D:3      | Bought a scroll of blinking for 97 gold pieces
  3221 | D:4      | Noticed Grinder
  3228 | D:4      | Reached skill level 6 in Shapeshifting
  3228 | D:4      | Reached XP level 6. HP: 37/38 MP: 6/6
  3236 | D:4      | Killed Grinder
  3237 | D:4      | Reached skill level 7 in Shapeshifting
  3237 | D:4      | Reached XP level 7. HP: 43/43 MP: 7/7
  3724 | D:4      | Noticed Sigmund
  3924 | D:4      | You fall into a shaft and drop 2 floors!
  3948 | D:6      | Noticed a steam dragon
  3961 | D:6      | Killed a steam dragon
  4268 | D:5      | Entered Level 5 of the Dungeon
  4268 | D:5      | Found a staircase to the Ecumenical Temple.
  4636 | D:5      | Found a hide-covered altar of Uskayaw.
  4768 | D:5      | Found an opulent altar of Gozag.
  4775 | D:5      | Reached ** piety under Okawaru
  4776 | D:5      | Reached XP level 8. HP: 38/52 MP: 8/8
  5370 | D:5      | Found a sparkling altar of Nemelex Xobeh.
  5438 | D:5      | Slain by an orc

Illustrated notes

Levels and vault maps discovered:
D:1:      dpeg_cavernosity, layout_loops_ring, chequers_serial_rivers_small_b,
          hangedman_decor_points
D:2:      layout_loops_ring, basic_ecumenical_altar, grunt_decor_junction,
          minmay_divided_ellipse, uniq_crazy_yiuf_cottage
D:3:      layout_basic, serial_shops, shop, shop, shop,
          nicolae_shop_statue_plus, nicolae_shop_rolled_up, serial_bayou_pond_d
D:4:      minmay_skewed_foursquare, layout_basic, kennysheep_generic_room_2,
          uniq_grinder, uniq_sigmund
D:5:      layout_rooms, nicolae_uskayaw_dance_hall, kennysheep_mini,
          gammafunk_temple_overflow_forgotten, mainiacjoe_overflow_catwalk,
          lemuel_crystal_altar, minmay_temple_entry_statues, serial_aquarium,
          aquarium_bridge_long_joined [aquarium_subvault_wall,
          aquarium_subvault_wall, aquarium_subvault_wall,
          aquarium_subvault_bridge, aquarium_subvault_bridge,
          aquarium_subvault_balcony], aquarium_bridge_island_small
          [aquarium_subvault_small_open, aquarium_subvault_window,
          aquarium_subvault_bridge, aquarium_subvault_bridge,
          aquarium_subvault_window], aquarium_window_corner,
          aquarium_window_corridor_1, aquarium_window_fake,
          aquarium_window_fake, aquarium_view_2a, aquarium_balcony_double_3,
          grunt_ministairs_10, minmay_fractal_squares_diagonal_5,
          uniq_blork_the_orc
D:6:      layout_rooms, makhleb_blood_cavern_becter

Skill      XL: |  1  2  3  4  5  6  7  8 |
---------------+-------------------------+-----
Shapeshifting  | 4 5 6 7 |  7.5
Fighting       | 3 4 |  4.6
Stealth        | 4 |  4.4
Unarmed Combat | 4 |  4.4
Dodging        | |  2.0

Action                     |  1- 3 |  4- 6 |  7- 9 || total
---------------------------+-------+-------+-------++-------
  Melee: Unarmed           |    61 |    64 |    92 ||   217
         Constrict         |    18 |    14 |    25 ||    57
         Tentacles         |    12 |     7 |    26 ||    45
         Punch             |     4 |     6 |       ||    10
  Throw: Javelin           |       |     7 |     4 ||    11
 Invoke: Heroism           |     1 |     2 |     6 ||     9
    Use: Scroll            |     4 |     1 |     3 ||     8
         Potion            |     1 |     2 |     2 ||     5
   Stab: Sleeping          |     6 |     4 |     3 ||    13
         Distracted        |       |     1 |       ||     1
         Invisible         |       |     1 |       ||     1
 Armour: Skin              |    17 |    20 |    56 ||    93
  Dodge: Dodged            |    36 |    38 |    52 ||   126
   Form: Beast             |       |       |     1 ||     1
         Flux              |       |       |     1 ||     1

Table legend: (Time is in decaauts)
 A = Elapsed time spent in this place.
 B = Non-inter-level travel time spent in this place.
 C = Inter-level travel time spent in this place.
 D = Time resting spent in this place.
 E = Time spent auto-exploring this place.
 F = Levels seen in this place.
 G = Mean time per level.
                   A        B        C        D        E       F      G
               +--------+--------+--------+--------+--------+-----+--------+
         Total |   5427 |   5351 |     76 |   1963 |   2413 |   6 |  904.5 |
       Dungeon |   5427 |   5351 |     76 |   1963 |   2413 |   6 |  904.5 |
               +--------+--------+--------+--------+--------+-----+--------+

Top non-repeatable levels by time:
     D:2: 1428 daAuts
     D:3: 1009 daAuts
     D:5: 905 daAuts
     D:4: 904 daAuts
     D:1: 683 daAuts
     D:6: 497 daAuts
